 Dungeon Crawl Stone Soup version 0.30.0-10-gfe55d96785 (webtiles) character file.

Game seed: 2234451912787174302

69 Irreverend the Digger (level 4, -6/24 HPs)
             Began as a Gargoyle Earth Elementalist on May 14, 2023.
             Killed by divine providence
             ... invoked by an orc priest
              (12 damage)
             ... on level 3 of the Dungeon.
             The game lasted 00:03:36 (1897 turns).

Irreverend the Digger (Gargoyle Earth Elementalist) Turns: 1897, Time: 00:03:37

Health: -6/24      AC:  5    Str: 11    XL:     4   Next: 20%
Magic:  6/7        EV: 16    Int: 18    God:
Gold:   68         SH:  0    Dex: 10    Spells: 2/8 levels left

rFire   . . .        (no weapon)
rCold   . . .        (no shield)
rNeg    + . .        a - +0 robe
rPois   ∞            (no helmet)
rElec   +            (no cloak)
rCorr   .            (no gloves)
SInv    .            (no boots)
Will    .....        (no amulet)
Stlth   ++           j - +5 ring of evasion
HPRegen 0.24/turn    (no ring)
MPRegen 0.10/turn

%: no passive effects
@: no status effects
A: sickness immunity, AC +3, negative energy resistance 1, electricity
resistance, torment resistance 1, petrification resistance
a: no special abilities


You were on level 3 of the Dungeon.
You visited 1 branch of the dungeon, and saw 3 of its levels.

You collected 68 gold pieces.

Inventory:

Armour
 a - a +0 robe (worn)
Jewellery
 j - a +5 ring of evasion (left hand)
Scrolls
 d - a scroll of blinking {unknown}
 e - a scroll of poison {unknown}
 h - a scroll of teleportation {unknown}
 i - a scroll of identify {unknown}
 l - a scroll of vulnerability {unknown}
Potions
 b - a potion of magic
 c - a potion of attraction {unknown}
 f - a potion of heal wounds {unknown}
 g - 2 potions of curing {unknown}
 k - a potion of brilliance {unknown}
 m - a potion of cancellation {unknown}


   Skills:
 - Level 1.5 Dodging
 - Level 2.1 Stealth
 + Level 2.6 Spellcasting
 + Level 1.0 Conjurations
 - Level 1.2 Transmutations
 * Level 4.9 Earth Magic


You had 2 spell levels left.
You knew the following spells:

 Your Spells              Type           Power      Damage    Failure   Level
a - Sandblast             Erth           40%        2d10      2%          1
b - Stone Arrow           Conj/Erth      26%        3d8       14%         3
c - Passwall              Tmut/Erth      10%        N/A       7%          2

Your spell library contained the following spells:

 Spells                   Type           Power      Damage    Failure   Level
 Magic Dart               Conj           24%        1d4       11%         1
 Wereblood                Tmut           6%         N/A       16%         2
 Searing Ray              Conj           12%        2d4       17%         2
 Petrify                  Tmut/Erth      13%        N/A       43%         4
 Fulminant Prism          Conj/Hex       2%         3d5       80%         4
 Summon Hydra             Summ           1%         N/A       100%        7
 Sublimation of Blood     Necr           Unusable   N/A       N/A         2

Dungeon Overview and Level Annotations

Branches:
Dungeon (3/15)

Altars:


Innate Abilities, Weirdness & Mutations

You are immune to sickness and miasma.
Your stone body is resilient. (AC +3)
You are immune to poison.
You resist negative energy. (rN+)
You are resistant to electric shocks. (rElec)
You are resistant to unholy torment.
You are immune to petrification.


Message History

Aim: an orc priest, wielding a +0 short sword and wearing a +0 ring mail (moderately wounded, 85% to hit)
The blast of sand hits the orc priest.
The orc priest is heavily wounded.
The orc priest closely misses you.
The orc priest calls down the wrath of Beogh upon you.
Pain shoots through your body!
Casting: Sandblast (safe; 2% risk of failure)
Confirm with . or Enter, or press ? or * to list all spells.
Aiming: Sandblast (safe; 2% risk of failure)
Press: ? - help, Shift-Dir - straight line, f/p - orc priest
Aim: an orc priest, wielding a +0 short sword and wearing a +0 ring mail (heavily wounded, 85% to hit)
The blast of sand hits the orc priest but does no damage.
The orc priest is heavily wounded.
The orc priest hits you with a +0 short sword.
You hit the orc priest but do no damage.
The orc priest is heavily wounded.
The orc priest misses you.
You hit the orc priest but do no damage.
The orc priest is heavily wounded.
The orc priest hits you with a +0 short sword.
You barely miss the orc priest.
The orc priest is heavily wounded.
The orc priest hits you with a +0 short sword.
* * * LOW HITPOINT WARNING * * *
A goblin comes into view. It is wielding a +0 dagger.
Magic courses through your body. The orc priest completely misses you.
Casting: Sandblast (safe; 2% risk of failure)
Confirm with . or Enter, or press ? or * to list all spells.
Aiming: Sandblast (safe; 2% risk of failure)
Press: ? - help, Shift-Dir - straight line, f/p - orc priest
Aim: an orc priest, wielding a +0 short sword and wearing a +0 ring mail (heavily wounded, 85% to hit)
The blast of sand hits the orc priest.
The orc priest is almost dead.
The goblin shouts!
The orc priest hits you with a +0 short sword.
* * * LOW HITPOINT WARNING * * *
The orc priest mumbles some strange prayers to Beogh against you.
Beogh smites you!
Ouch! That really hurt!
You die...

## #. #.## #...
#..## .g† #.# #o#
# #.. ##@##
.###.#
#######...##
#....#
#..........#
#....#
#.#####.##.#
#....####.#####.#
..<
.^..(##......##.#
###.
..†.....#.##.##..
# ####.####...
...# #.#
####.####


You could see an orc priest and a goblin.

Vanquished Creatures
  An adder (D:2)
  A worm (D:2)
  A dart slug (D:1)
  An orc (D:3)
  8 ball pythons
  6 bats
  5 endoplasms
  3 giant cockroaches
  3 goblins (D:1)
  2 hobgoblins
  2 jackals (D:3)
  5 kobolds
  4 quokkas
  2 frilled lizards (D:1)
  3 rats (D:1)
47 creatures vanquished.

Notes
Turn   | Place    | Note
-------+----------+-------------------------------------------
     0 | D:1      | Irreverend the Gargoyle Earth Elementalist began the quest
                  | for the Orb.
     0 | D:1      | Reached XP level 1. HP: 10/10 MP: 3/3
   133 | D:1      | Reached skill level 1 in Transmutations
   159 | D:1      | Reached XP level 2. HP: 15/15 MP: 3/5
   209 | D:1      | Reached skill level 4 in Earth Magic
   648 | D:1      | Reached XP level 3. HP: 19/19 MP: 2/6
   694 | D:1      | Learned a level 3 spell: Stone Arrow
   697 | D:1      | Learned a level 2 spell: Passwall
  1192 | D:1      | Found a faded altar of an unknown god.
  1646 | D:2      | Reached skill level 1 in Conjurations
  1646 | D:2      | Reached XP level 4. HP: 24/24 MP: 3/7
  1897 | D:3      | Killed from afar by an orc priest

Illustrated notes

Levels and vault maps discovered:
D:1:      dpeg_arrival_round_a, layout_basic,
          hellmonk_ecumenical_altar_inner_sanctum, roderic_lattice_a,
          minmay_heptomino_o4
D:2:      layout_basic
D:3:      layout_loops_cross, general_overflow_altar,
          gammafunk_ghost_gnarly_gnolls, minivault_24, st_stairs_6

Skill      XL: |  1  2  3 |
---------------+----------+-----
Transmutations | 1 |  1.2
Earth Magic    | 4 |  4.9
Conjurations   | 1 |  1.0
Dodging        | |  1.5
Stealth        | |  2.1
Spellcasting   | |  2.6

Action                     |  1- 3 |  4- 6 || total
---------------------------+-------+-------++-------
  Melee: Unarmed           |       |     3 ||     3
   Cast: Sandblast         |    57 |    14 ||    71
    Use: Potion            |       |     1 ||     1
 Armour: Robe              |    10 |     2 ||    12
  Dodge: Dodged            |    12 |     8 ||    20
